 Dungeon Crawl Stone Soup version 0.21.1-1-g345015f (webtiles) character file.

500850 shakethe the Demonic Cataclysm (level 24, -20/210 HPs)
             Began as a Demonspawn Gladiator on Feb 23, 2018.
             Was a High Priest of Qazlal.
             Demolished by a caustic shrike (21 damage)
             ... on level 3 of the Depths.
             The game lasted 03:06:58 (57916 turns).

shakethe the Demonic Cataclysm (DsGl)              Turns: 57916, Time: 03:06:58

Health: -20/210    AC: 10    Str: 18    XL:     24   Next: 4%
Magic:  0/35       EV: 28    Int: 13    God:    Qazlal [*****.]
Gold:   3045       SH: 28    Dex: 20    Spells: 20/39 levels left

rFire    . . .     SeeInvis .     - Unarmed
rCold    . . .     Gourm    .   m - +1 shield
rNeg     . . .     Faith    .   N - +11 scale mail of Xovefraja {rElec rPois Int-5 Stlth+}
rPois    +         Spirit   +   (helmet unavailable)
rElec    +         Reflect  +   F - +2 cloak {MR+}
rCorr    .         Harm     .   (gloves unavailable)
MR       +++..                  (boots unavailable)
Stlth    +.........             V - +6 amulet of reflection
HPRegen  0.45/turn              L - ring of protection from magic {MR+, !d}
MPRegen  0.48/turn              S - +4 ring of evasion

@: agile, corroded, heavily drained, repel missiles
A: claws 3, horns 3, talons 3, poison resistance, powered by death 3, robust 1,
magic shield, magic regeneration
}: 2/15 runes: serpentine, barnacled
a: Upheaval, Elemental Force, Disaster Area, Renounce Religion


You were on level 3 of the Depths.
You worshipped Qazlal.
Qazlal was extremely pleased with you.
You were not hungry.

You visited 8 branches of the dungeon, and saw 42 of its levels.

You collected 5283 gold pieces.
You spent 2238 gold pieces at shops.

Inventory:

Armour
 d - the +1 gold dragon scales "Jeijych" {rPois rF+ rC+ Regen+ MP+9 Dex-2}
   (You took it off a spriggan defender on level 2 of the Depths)

   It affects your dexterity (-2).
   It protects you from fire.
   It protects you from cold.
   It protects you from poison.
   It affects your magic capacity (+9).
   It increases your rate of regeneration.
 m - a +1 shield (worn)
   (You took it off a gnoll sergeant on level 9 of the Dungeon)
 x - a +1 shield of poison resistance
   (You took it off a tengu warrior on level 4 of the Depths)
 F - a +2 cloak of magic resistance (worn)
   (You took it off Crazy Yiuf on level 5 of the Dungeon)
 N - the +11 scale mail of Xovefraja (worn) {rElec rPois Int-5 Stlth+}
   (You found it on level 1 of the Snake Pit)

   It affects your intelligence (-5).
   It insulates you from electricity.
   It protects you from poison.
   It makes you more stealthy.
Jewellery
 L - a ring of protection from magic (left claw) {MR+, !d}
   (You found it on level 7 of the Dungeon)
 S - a +4 ring of evasion (right claw)
   (You took it off a merfolk javelineer on level 4 of the Shoals)
 V - a +6 amulet of reflection (around neck)
   (You found it on level 9 of the Dungeon)
Wands
 b - a wand of disintegration (21)
   (You found it on level 4 of the Vaults)
 p - a wand of enslavement (28)
   (You found it on level 14 of the Dungeon)
 v - a wand of digging (33)
   (You found it on level 3 of the Dungeon)
 H - a wand of acid (21)
   (You found it on level 3 of the Lair of Beasts)
 R - a wand of paralysis (53)
   (You took it off a naga on level 2 of the Snake Pit)
 T - a wand of polymorph (39)
   (You found it on level 9 of the Dungeon)
Scrolls
 a - a scroll of torment {unknown}
 h - 9 scrolls of enchant armour
 l - 7 scrolls of identify
 n - 6 scrolls of immolation {!r}
 q - 17 scrolls of remove curse
 t - 7 scrolls of enchant weapon
 w - a scroll of brand weapon
 D - 10 scrolls of teleportation
 E - 6 scrolls of amnesia
 G - 4 scrolls of summoning
 I - 3 scrolls of fog
 M - a scroll of blinking {!r}
 O - 3 scrolls of magic mapping {!r}
Potions
 c - 10 potions of magic
 e - 3 potions of lignification {!q}
 g - 4 potions of agility
 i - 3 potions of invisibility
 j - 6 potions of brilliance
 o - 5 potions of flight
 r - 12 potions of might
 s - 4 potions of heal wounds
 u - 14 potions of curing
 z - 2 potions of ambrosia
 P - 7 potions of cancellation
 U - 2 potions of berserk rage {!q}
 W - 3 potions of resistance
 Z - 12 potions of haste
Books
 Q - a book of the Sky
   (You found it on level 3 of the Depths)
Miscellaneous
 k - 3 phantom mirrors
 y - a phial of floods
   (You found it on level 3 of the Lair of Beasts)
 A - a lamp of fire
   (You found it on level 8 of the Dungeon)
 J - 4 boxes of beasts
 K - 3 sacks of spiders
 Y - a crystal ball of energy
   (You found it on level 14 of the Dungeon)
Comestibles
 f - 41 rations


   Skills:
 + Level 15.8(14.2) Fighting
   Level 3.0(1.8) Axes
 - Level 1.7(0.7) Throwing
 - Level 8.7(7.4) Armour
 + Level 14.8(13.2) Dodging
 - Level 15.0(13.4) Shields
 + Level 17.2(15.6) Unarmed Combat
 + Level 8.4(7.1) Spellcasting
 - Level 10.0(8.6) Translocations
 + Level 12.1(10.6) Transmutations
 - Level 4.3(3.2) Ice Magic
 + Level 13.9(12.4) Earth Magic
 + Level 17.8(16.1) Invocations


You had 20 spell levels left.
You knew the following spells:

 Your Spells              Type           Power        Failure   Level  Hunger
a - Statue Form           Tmut/Erth      ####.....    56%         6    #######
b - Blink                 Tloc           N/A          2%          2    #......
c - Ice Form              Ice/Tmut       ###.....     28%         4    ####...
d - Summon Lightning Spi  Summ/Air       #.......     99%         4    ####...
r - Regeneration          Chrm/Necr      #.........   83%         3    ##.....


Dungeon Overview and Level Annotations

Branches:
Dungeon (15/15)            Temple (0/1) D:7            Lair (6/6) D:11
 Shoals (4/4) Lair:3        Snake (4/4) Lair:4        Slime (0/5) Lair:5
    Orc (2/2) D:10            Elf (3/3) Orc:2        Vaults (4/5) D:13
  Crypt (0/3) Vaults:2     Depths (4/5) D:15

Altars:
Cheibriados
Fedhas
Kikubaaqudgha
Okawaru
Qazlal
Ru
Sif Muna
Uskayaw
Vehumet
Wu Jian
Yredelemnul

Shops:
D:6 *   Orc:2 =[*%:   Snake:2 [((   Vaults:1 :   Vaults:3 ?   Vaults:4 (
Depths:1 *![!

Portals:
Hell: Depths:1 Depths:2 Depths:3
Abyss: Depths:2 Depths:4
Pandemonium: Depths:3
Ziggurat: Depths:3

Annotations:
D:3 Pikel


Innate Abilities, Weirdness & Mutations

You have claws for hands.
You have a pair of large horns on your head.
You have claws for feet.
You regenerate a lot of health from kills.
You are robust. (+10% HP)
When hurt, damage is shared between your health and your magic reserves.
You regenerate magic rapidly.
Your system is resistant to poisons. (rPois)


Message History

You block the caustic shrike's attack.
The caustic shrike is engulfed in freezing vapours.
The caustic shrike closely misses you. You block the caustic shrike's attack.
The caustic shrike is engulfed in freezing vapours.
You block the caustic shrike's attack.
The caustic shrike is struck by lightning.
You block the caustic shrike's attack. The caustic shrike misses you.
The caustic shrike completely misses you.
The caustic shrike claws you!!
You are splashed with acid!
The acid burns!
The caustic shrike closely misses you. You block the caustic shrike's attack.
There is a stone staircase leading up here.
You take 19 damage, and have 124/210 hp.
You now have 25/35 mp.
You are no longer corroded.
The caustic shrike claws you!!
You are splashed with acid!
The acid burns!
The caustic shrike claws you.
You are splashed with acid!
The acid burns!
The caustic shrike is engulfed in freezing vapours.
You block the caustic shrike's attack. x3; The caustic shrike claws you!
You are splashed with acid!
The acid burns!
The caustic shrike is engulfed in freezing vapours.
The caustic shrike completely misses you.
You climb upwards.
There is a stone staircase leading down here.
You take 43 damage, and have 81/210 hp.
MASSIVE DAMAGE!!
You now have 16/35 mp.
You feel agile all of a sudden.
You block the caustic shrike's attack. x2
The caustic shrike is struck by lightning.
You block the caustic shrike's attack. The caustic shrike claws you!
You are splashed with acid!
The acid burns!
The caustic shrike completely misses you.
The caustic shrike claws you!
* * * LOW HITPOINT WARNING * * *
You are splashed with acid!
The acid burns!
* * * LOW HITPOINT WARNING * * *
The caustic shrike claws you!!
* * * LOW HITPOINT WARNING * * *
The acid corrodes you!
You are splashed with acid!
The acid burns!
* * * LOW HITPOINT WARNING * * *
The caustic shrike misses you.
You take 53 damage, and have 28/210 hp.
MASSIVE DAMAGE!!
You now have 5/35 mp.
As you read the scroll of fear, it crumbles to dust.
You assume a fearsome visage.
The caustic shrike looks frightened! x2
The caustic shrike easily resists.
The caustic shrike resists with some effort.
The caustic shrike barely misses you.
You block the caustic shrike's attack. x2
The caustic shrike is struck by lightning.
The caustic shrike barely misses you.
You barely miss the caustic shrike. Your kick misses the caustic shrike.
You block the caustic shrike's attack. The caustic shrike closely misses you.
You scratch the caustic shrike but do no damage.
You claw the caustic shrike.
Your headbutt misses the caustic shrike.
You block the caustic shrike's attack. x3
You claw the caustic shrike! You headbutt the caustic shrike!
You block the caustic shrike's attack. x2
The caustic shrike completely misses you.
You claw the caustic shrike! You claw the caustic shrike.
Your headbutt misses the caustic shrike.
You block the caustic shrike's attack. x2
You barely miss the caustic shrike. Your kick misses the caustic shrike.
You block the caustic shrike's attack. x2
The caustic shrike completely misses you.
The caustic shrike claws you but does no damage.
You feel much better.
You block the caustic shrike's attack. x3
The caustic shrike misses you.
You regained 29 hp, and now have 59/210 hp.
You closely miss the caustic shrike.
You claw the caustic shrike, but do no damage.
Your headbutt misses the caustic shrike.
The caustic shrike misses you. You block the caustic shrike's attack.
You scratch the caustic shrike but do no damage.
Your headbutt misses the caustic shrike.
The caustic shrike claws you!!
* * * LOW HITPOINT WARNING * * *
The acid corrodes you!
You are splashed with acid!
The acid burns!
* * * LOW HITPOINT WARNING * * *
You block the caustic shrike's attack. The caustic shrike claws you!
* * * LOW HITPOINT WARNING * * *
You are splashed with acid!
The acid burns!
* * * LOW HITPOINT WARNING * * *
You block the caustic shrike's attack.
You take 41 damage, and have 18/210 hp.
You now have 3/35 mp.
Okay, then.
Okay, then.
You feel much better. The caustic shrike claws you!!
* * * LOW HITPOINT WARNING * * *
The acid corrodes you!
You are splashed with acid!
The acid burns!
* * * LOW HITPOINT WARNING * * *
You block the caustic shrike's attack. x2
The caustic shrike completely misses you.
The caustic shrike claws you!
* * * LOW HITPOINT WARNING * * *
You are splashed with acid!
The acid burns!
* * * LOW HITPOINT WARNING * * *
The caustic shrike claws you!!
You die...

#....#...#......#######.≈≈≈≈≈....
'.#.#.#.##b..##..................
##.#.#.#.'.......................
#...#....#............'.≈≈≈≈≈....
#....#...#....#+#####'#..........
#8..#...8#..#..((()).(...........
.####(###...#.§§.#..PPP.P........
....).......#...b#.P♣♣♣P.........
.....+......)(.b@#.P♣ ♣PP........
.....###[#..#.§§b#.P♣♣♣PP........
.....# #....#..§§#.PPPPPP........
.....# ###..#....#...............
+##### #..#.'....#####'########
.# ###..#...##.............# .#
#........##.............#
.#######....#.#.##.#'#...####..#
.........#..#.#.##.#.#..##..#..#


You could see 4 caustic shrikes.

Vanquished Creatures
  Boris (Vaults:3)
  Saint Roka (Vaults:1)
  Vashnia (Snake:3)
  2 golden dragons (Depths:4)
  Nikola (Snake:2)
  Jorgrun (Vaults:2)
  3 tentacled monstrosities
  Rupert (D:13)
  2 liches (Depths:4)
  2 deep elf blademasters (Elf:3)
  A quicksilver dragon (Depths:4)
  A titan (Depths:4)
  A deep elf master archer (Elf:3)
  7 sphinxes
  3 krakens
  Kirke (Snake:2)
  A tengu reaver (Vaults:3)
  Polyphemus (Shoals:4)
  3 storm dragons
  2 thorn hunters (Depths:3)
  3 shadow dragons
  7 nagarajas (Snake:4)
  Ilsuiw (Shoals:4)
  9 vault wardens
  6 fire giants
  An iron dragon (Depths:4)
  6 frost giants
  2 balrugs
  Aizul (Snake:4)
  5 deep elf sorcerers
  Louise (Shoals:2)
  5 deep elf elementalists (Elf:3)
  11 ironheart preservers
  10 stone giants
  A spriggan defender (Depths:2)
  5 large abominations
  15 very ugly things
  4 deep elf demonologists
  4 entropy weavers
  The ghost of JeronimusCornelisz the Severer, a journeyman MiBe of Trog (Lair:4)
  Azrael (Orc:1)
  7 deep elf annihilators
  5 spark wasps (Depths:1)
  6 deep elf death magi
  2 crystal guardians (Vaults:4)
  A blizzard demon (Depths:4)
  9 merfolk javelineers
  8 ettins
  11 ogre magi
  10 merfolk impalers
  9 fire dragons
  9 yaktaur captains
  5 deep elf high priests
  Erolcha (Orc:1)
  6 great orbs of eyes
  A hell beast (Elf:1)
  5 rakshasas
  9 ice dragons
  12 vault guards
  14 hydras
  A merfolk avatar (Shoals:2)
  A peacekeeper (Elf:1)
  14 anacondas
  10 naga warriors
  4 spriggan air magi
  A catoblepas (Shoals:4)
  10 merfolk aquamancers
  A satyr (Shoals:3)
  Erica (Orc:1)
  25 dancing weapons
  3 alligators (Depths:3)
  6 centaur warriors
  3 death yaks (Shoals:4)
  A queen ant (Lair:2)
  A two-headed ogre (shapeshifter) (Elf:3)
  20 two-headed ogres
  A death knight (Vaults:4)
  6 deep troll earth magi
  7 deep troll shamans
  4 spriggan berserkers
  20 tengu warriors
  An orc high priest (Elf:3)
  31 deep elf knights
  12 naga sharpshooters
  8 shock serpents
  5 sun demons
  5 hell knights
  3 soul eaters (Depths:4)
  10 skeletal warriors
  An iron troll (Depths:4)
  28 deep trolls
  2 salamander mystics
  2 shadow wraiths
  A quicksilver dragon simulacrum (Depths:4)
  4 unseen horrors
  3 flayed ghosts
  19 ironbrand convokers
  12 wizards
  3 swamp dragons (Depths:3)
  3 naga ritualists
  2 glowing orange brains (Depths:4)
  13 deep elf archers
  2 phantasmal warriors (Vaults:4)
  6 necromancers
  12 sea snakes
  23 harpies
  10 orc knights
  3 orc sorcerers
  A wolf spider zombie (D:12)
  72 deep elf magi
  38 ugly things
  8 fauns
  2 mana vipers (Snake:3)
  2 cyclopes
  18 manticores
  A salamander (shapeshifter) (Depths:1)
  2 wolf spiders
  A frost giant zombie (Vaults:1)
  5 salamanders
  An elephant (shapeshifter) (Vaults:4)
  Maurice (Orc:1)
  Joseph (D:7)
  30 black mambas
  12 elephants
  14 vault sentinels
  2 centaur skeletons
  23 naga magi
  3 water nymphs
  5 merfolk sirens
  13 spiny frogs
  17 guardian serpents
  8 rust devils (Depths:4)
  3 gargoyles
  A torpor snail (Lair:2)
  6 komodo dragons
  2 demonic crawlers
  A spiny frog (shapeshifter) (Vaults:3)
  2 rime drakes
  27 yaktaurs
  3 ice devils (Depths:4)
  2 kobold demonologists
  5 freezing wraiths
  9 trolls
  6 red devils (Depths:4)
  10 tengu conjurers
  39 merfolk
  A meliai (shapeshifter) (Vaults:4)
  2 queen bees
  5 hornets
  A polar bear (Lair:6)
  36 slime creatures
  Prince Ribbit (D:6)
  2 hornets (shapeshifter)
  A troll (shapeshifter) (Vaults:1)
  3 saltlings
  5 wind drakes
  8 blink frogs
  A dream sheep (shapeshifter) (Depths:4)
  15 dream sheep
  12 hippogriffs
  A fire giant simulacrum (Vaults:2)
  9 snapping turtles
  2 shadows
  A yak (shapeshifter) (Vaults:3)
  8 air elementals
  11 yaks
  4 flying skulls (Depths:4)
  23 water elementals
  9 fire elementals
  An ice dragon skeleton (Vaults:1)
  A vampire (D:12)
  3 wyverns
  8 redbacks
  6 hungry ghosts
  5 wraiths
  3 hogs (Snake:2)
  5 basilisks
  4 vampire mosquitoes (Elf:2)
  2 chaos spawn (Depths:2)
  10 small abominations
  5 wargs
  A human simulacrum (Vaults:2)
  An elf zombie (Vaults:1)
  A yaktaur simulacrum (Vaults:1)
  41 nagas
  9 soldier ants (Lair:2)
  3 swamp worms (Depths:3)
  An ogre zombie (Vaults:1)
  2 human skeletons (Vaults:1)
  3 acid dragons (Vaults:2)
  30 water moccasins
  9 hell hounds
  2 sky beasts
  8 porcupines
  2 swamp drakes (Depths:3)
  3 slaves
  An ettin simulacrum (Depths:4)
  3 necrophages
  44 orc warriors
  3 ice beasts
  A phantom (D:14)
  14 wolves
  A black bear (D:6)
  26 ogres
  9 boggarts (Vaults:2)
  15 crocodiles
  18 centaurs
  A big kobold (D:9)
  2 human zombies (Vaults:1)
  16 bullfrogs
  2 gnoll sergeants
  3 earth elementals
  A wyvern zombie (D:13)
  A wyvern skeleton (D:8)
  A scorpion (D:10)
  35 killer bees
  12 wights
  6 electric eels
  6 howler monkeys
  6 crimson imps
  3 centaur zombies
  3 quasits
  A bullfrog zombie (D:12)
  7 hounds
  12 orc priests
  A bullfrog skeleton (D:10)
  Crazy Yiuf (D:5)
  6 jellies
  16 orc wizards
  5 iguanas
  36 worker ants
  A killer bee zombie (D:6)
  2 hound zombies
  2 hound skeletons
  4 worker ant zombies
  8 gnolls
  31 adders
  4 shadow imps
  A white imp (D:10)
  4 oozes
  An adder zombie (D:6)
  3 adder skeletons
  4 worms
  2 dart slugs (D:1)
  5 leopard geckos
  78 orcs
  4 ball pythons
  14 bats
  5 giant cockroaches
  11 goblins
  9 hobgoblins
  2 jackals (D:9)
  2 quokkas
  4 frilled lizards
  7 kobolds
  2 quokka skeletons
  2 quokka zombies
  10 rats
  A briar patch (Depths:3)
  A crawling corpse (Depths:4)
  2 plants
  9 tentacles
1908 creatures vanquished.

Vanquished Creatures (collateral kills)
  A nagaraja (Snake:4)
  2 naga warriors (Snake:4)
  A naga (Snake:4)
  2 electric eels (D:11)
6 creatures vanquished.

Vanquished Creatures (others)
  A deep elf master archer (Elf:3)
  A deep elf sorcerer (Elf:3)
  4 stone giants
  6 merfolk javelineers
  A naga warrior (Snake:4)
  3 yaktaur captains
  4 centaur warriors
  2 satyrs (Shoals:4)
  A tengu warrior (Depths:4)
  Urug (D:10)
  A naga sharpshooter (Snake:3)
  A deep elf knight (Elf:1)
  A sea snake (Shoals:4)
  A skeletal warrior (Depths:4)
  5 deep elf archers
  A harpy (Vaults:4)
  2 deep elf magi (Elf:1)
  3 cyclopes
  A manticore (Shoals:4)
  2 black mambas
  7 yaktaurs
  A yaktaur (shapeshifter) (Elf:3)
  A wind drake (Shoals:4)
  A snapping turtle (Shoals:2)
  A dream sheep (Shoals:4)
  A human (Snake:3)
  3 water elementals
  A naga (Snake:4)
  4 orc warriors (Orc:2)
  3 centaurs
  An orc wizard (Vaults:4)
  A worker ant (D:13)
  8 orcs
  7 fungi
  19 plants
  13 tentacles
114 creatures vanquished.

Grand Total: 2028 creatures vanquished

Notes
Turn   | Place    | Note
-------+----------+-------------------------------------------
     0 | D:1      | shakethe the Demonspawn Gladiator began the quest for the Orb.
     0 | D:1      | Reached XP level 1. HP: 16/16 MP: 1/1
   239 | D:1      | Reached skill level 3 in Axes
   239 | D:1      | Gained mutation: You have sharp toenails. [demonic ancestry]
   239 | D:1      | Reached XP level 2. HP: 22/22 MP: 2/2
  1088 | D:2      | Reached skill level 3 in Dodging
  1119 | D:2      | Reached skill level 1 in Unarmed Combat
  1125 | D:2      | Gained mutation: You have a pair of small horns on your head. [demonic ancestry]
  1125 | D:2      | Reached XP level 3. HP: 24/28 MP: 3/3
  1466 | D:2      | HP: 7/28 [poisoned by an adder]
  1472 | D:2      | HP: 4/28 [poisoned by an adder]
  1478 | D:2      | HP: 3/28 [poisoned by an adder]
  1486 | D:2      | HP: 2/28 [poisoned by an adder]
  2064 | D:2      | Reached XP level 4. HP: 23/34 MP: 4/4
  2308 | D:2      | Reached skill level 2 in Unarmed Combat
  2942 | D:3      | Reached skill level 3 in Fighting
  3223 | D:3      | Reached XP level 5. HP: 11/41 MP: 5/5
  3583 | D:3      | Found a faded altar of an unknown god.
  3827 | D:3      | Found a stormy altar of Qazlal.
  3843 | D:3      | Became a worshipper of Qazlal Stormbringer
  3904 | D:4      | Found a blossoming altar of Fedhas.
  3911 | D:4      | Reached skill level 3 in Unarmed Combat
  4105 | D:4      | Noticed a slave
  4106 | D:4      | Noticed Pikel
  4106 | D:4      | Noticed a slave
  4107 | D:4      | Noticed a slave
  4164 | D:3      | Killed a slave
  4262 | D:4      | Noticed a slave
  4267 | D:3      | HP: 5/41 [slave[Pikel] (6)]
  4661 | D:3      | HP: 3/41 [Pikel/whip of electrocution (14)]
  5220 | D:4      | Killed a slave
  5397 | D:4      | Gained mutation: You regenerate a little health from kills. [demonic ancestry]
  5397 | D:4      | Reached XP level 6. HP: 46/47 MP: 6/6
  5494 | D:4      | Got a pair of spiked gloves
  5522 | D:4      | Killed a slave
  5642 | D:5      | Entered Level 5 of the Dungeon
  5671 | D:5      | Identified the +2 pair of gloves of Bereradi {Str+4 Int-5} (You found it on level 4 of the Dungeon)
  5794 | D:5      | Reached skill level 4 in Dodging
  6326 | D:5      | Found a runed door.
  6442 | D:6      | Reached skill level 4 in Unarmed Combat
  6448 | D:5      | Reached skill level 4 in Fighting
  6628 | D:6      | HP: 11/48 [black bear (4)]
  6629 | D:6      | Gained mutation: You have razor-sharp toenails. [demonic ancestry]
  6629 | D:6      | Reached XP level 7. HP: 8/54 MP: 7/7
  6630 | D:6      | HP: 5/54 [adder zombie (4)]
  6987 | D:6      | Noticed Prince Ribbit
  7007 | D:6      | Killed Prince Ribbit
  7007 | D:6      | Reached skill level 5 in Unarmed Combat
  7158 | D:6      | Found Asmoc's Elemental Accessories.
  7226 | D:6      | Reached skill level 5 in Dodging
  7229 | D:6      | Gained mutation: When hurt, damage is shared between your health and your magic reserves. [demonic ancestry]
  7229 | D:6      | Reached XP level 8. HP: 35/61 MP: 8/8
  7234 | D:6      | Reached * piety under Qazlal
  7282 | D:6      | Reached skill level 5 in Fighting
  7305 | D:6      | Found an ancient bone altar of Kikubaaqudgha.
  7349 | D:6      | Found a deep blue altar of Sif Muna.
  7445 | D:6      | Reached skill level 6 in Unarmed Combat
  7716 | D:5      | Noticed Crazy Yiuf
  7723 | D:5      | Killed Crazy Yiuf
  8317 | D:7      | Found a snail-covered altar of Cheibriados.
  8327 | D:7      | Found a staircase to the Ecumenical Temple.
  8463 | D:7      | Noticed Joseph
  8480 | D:7      | Killed Joseph
  8480 | D:7      | Reached skill level 7 in Unarmed Combat
  8714 | D:7      | Reached skill level 6 in Fighting
  8994 | D:7      | Found a radiant altar of Vehumet.
  9572 | D:8      | Reached skill level 6 in Dodging
  9572 | D:8      | Gained mutation: You regenerate magic rapidly. [demonic ancestry]
  9572 | D:8      | Reached XP level 9. HP: 69/69 MP: 9/9
  9596 | D:8      | Noticed a kobold demonologist
  9712 | D:8      | Reached ** piety under Qazlal
  9827 | D:7      | Reached skill level 1 in Invocations
  9936 | D:8      | Reached skill level 1 in Armour
  9945 | D:8      | Reached skill level 8 in Unarmed Combat
  9946 | D:8      | Noticed a queen bee
  9952 | D:8      | Killed a queen bee
  9952 | D:8      | Reached skill level 2 in Invocations
 10322 | D:7      | Reached skill level 3 in Invocations
 10323 | D:7      | HP: 17/71 [killer bee (4)]
 10327 | D:7      | Reached skill level 2 in Armour
 10328 | D:7      | HP: 11/71 [poisoned by a killer bee]
 10333 | D:7      | HP: 7/71 [poisoned by a killer bee]
 10338 | D:7      | HP: 4/71 [poisoned by a killer bee]
 10344 | D:7      | HP: 2/71 [poisoned by a killer bee]
 10350 | D:7      | HP: 2/71 [poisoned by a killer bee]
 10358 | D:7      | HP: 1/71 [poisoned by a killer bee]
 10755 | D:8      | Reached skill level 7 in Fighting
 10760 | D:8      | Got a crystal dagger
 10870 | D:8      | Noticed an ice devil
 10871 | D:8      | Noticed a sun demon
 10872 | D:8      | Killed a kobold demonologist
 10872 | D:8      | Gained mutation: You have sharp fingernails. [demonic ancestry]
 10872 | D:8      | Reached XP level 10. HP: 55/79 MP: 12/12
 10902 | D:8      | Got a twisted robe
 11016 | D:8      | Identified the +0 robe "Xoxenul" {*Contam Str+6 Dex+4} (You took it off an orc wizard on level 8 of the Dungeon)
 11050 | D:8      | Gained mutation: Armour fits poorly on your strangely shaped body. [mutagenic glow]
 11055 | D:8      | Lost mutation: Armour fits poorly on your strangely shaped body. [potion of mutation]
 11055 | D:8      | Gained mutation: You have claws for feet. [potion of mutation]
 11055 | D:8      | Gained mutation: Your system is resistant to poisons. (rPois) [potion of mutation]
 11055 | D:8      | Gained mutation: You have a pair of horns on your head. [potion of mutation]
 11055 | D:8      | Gained mutation: You are robust. (+10% HP) [potion of mutation]
 11300 | D:9      | Noticed a two-headed ogre
 11307 | D:9      | Killed a two-headed ogre
 11307 | D:9      | Reached skill level 7 in Dodging
 11307 | D:9      | Reached skill level 9 in Unarmed Combat
 11307 | D:9      | Reached skill level 4 in Invocations
 11349 | D:9      | Reached skill level 3 in Armour
 11378 | D:9      | HP: 20/86 [queen bee (7)]
 11383 | D:9      | HP: 10/86 [queen bee (10)]
 11803 | D:9      | Reached skill level 5 in Invocations
 12139 | D:9      | Found a sacrificial altar of Ru.
 12334 | D:9      | Reached *** piety under Qazlal
 12425 | D:10     | Entered Level 10 of the Dungeon
 12467 | D:10     | Noticed Urug
 13302 | D:10     | Reached skill level 4 in Armour
 13302 | D:10     | Reached skill level 6 in Invocations
 13315 | D:10     | Noticed a two-headed ogre
 13320 | D:10     | Killed Urug
 13320 | D:10     | Reached skill level 8 in Fighting
 13320 | D:10     | Reached skill level 1 in Shields
 13320 | D:10     | Reached skill level 10 in Unarmed Combat
 13320 | D:10     | Gained mutation: You have very sharp fingernails. [demonic ancestry]
 13320 | D:10     | Reached XP level 11. HP: 66/94 MP: 12/15
 13326 | D:10     | Killed a two-headed ogre
 13413 | D:10     | Found a staircase to the Orcish Mines.
 13583 | D:10     | Reached **** piety under Qazlal
 14082 | D:11     | Noticed a brown ugly thing
 14092 | D:11     | Killed a brown ugly thing
 14092 | D:11     | Reached skill level 2 in Shields
 14139 | D:11     | Noticed a purple ugly thing
 14147 | D:11     | Killed a purple ugly thing
 14170 | D:11     | Reached skill level 7 in Invocations
 14204 | D:11     | Reached skill level 8 in Dodging
 14622 | D:11     | Found a staircase to the Lair.
 15307 | D:12     | Noticed a soul eater
 15314 | D:12     | Noticed a sixfirhy
 15320 | D:12     | Reached skill level 5 in Armour
 15359 | D:12     | Reached skill level 3 in Shields
 15958 | D:12     | Noticed a deep elf mage
 15971 | D:12     | Killed a deep elf mage
 15982 | D:12     | Reached skill level 8 in Invocations
 15989 | D:12     | Reached skill level 11 in Unarmed Combat
 16019 | D:12     | Reached XP level 12. HP: 103/103 MP: 18/18
 16265 | D:12     | Reached skill level 9 in Fighting
 16804 | Lair:1   | Entered Level 1 of the Lair of Beasts
 16876 | D:11     | Learned a level 2 spell: Blink
 16881 | D:11     | HP: 23/104 [spiny frog (14)]
 16897 | D:11     | HP: 25/104 [hippogriff (6)]
 17257 | Lair:1   | Reached skill level 4 in Shields
 17774 | Lair:2   | Reached skill level 6 in Armour
 17804 | Lair:2   | Reached skill level 9 in Invocations
 17831 | Lair:2   | HP: 26/105 [torpor snail (4)]
 18144 | Lair:2   | Reached skill level 9 in Dodging
 18333 | Lair:2   | Reached ***** piety under Qazlal
 18379 | Lair:2   | Noticed a queen ant
 18388 | Lair:2   | Killed a queen ant
 18844 | Lair:3   | Reached skill level 5 in Shields
 18848 | Lair:3   | Reached skill level 12 in Unarmed Combat
 18868 | Lair:3   | Reached XP level 13. HP: 80/112 MP: 13/20
 18947 | Lair:3   | Found an iron altar of Okawaru.
 19573 | Lair:3   | Got a smoking dagger
 19657 | Lair:3   | Found a staircase to the Shoals.
 19769 | Lair:4   | Reached skill level 10 in Invocations
 19776 | Lair:4   | Reached skill level 10 in Fighting
 19801 | Lair:4   | Noticed JeronimusCornelisz's ghost (journeyman MiBe)
 19834 | Lair:4   | Killed JeronimusCornelisz's ghost
 19834 | Lair:4   | Reached skill level 7 in Armour
 19946 | Lair:4   | Found a staircase to the Snake Pit.
 20523 | Lair:5   | Found a staircase to the Slime Pits.
 20682 | Lair:5   | Reached skill level 6 in Shields
 21146 | Lair:6   | Entered Level 6 of the Lair of Beasts
 21385 | Lair:6   | Reached ****** piety under Qazlal
 21457 | Lair:6   | Reached skill level 13 in Unarmed Combat
 21945 | Lair:6   | Reached skill level 10 in Dodging
 21945 | Lair:6   | Mutation became permanent: You have razor-sharp toenails. [demonic ancestry]
 21945 | Lair:6   | Gained mutation: You have claws for feet. [demonic ancestry]
 21945 | Lair:6   | Reached XP level 14. HP: 116/122 MP: 20/22
 22064 | Lair:6   | Reached skill level 11 in Invocations
 22885 | D:13     | Noticed Rupert
 22907 | D:13     | Killed Rupert
 23208 | D:13     | Found a gate to the Vaults.
 23478 | D:13     | Reached skill level 8 in Armour
 23757 | D:14     | Reached skill level 7 in Shields
 23773 | D:14     | Reached skill level 11 in Fighting
 24024 | D:14     | Reached skill level 12 in Invocations
 24864 | D:14     | Learned a level 6 spell: Statue Form
 24997 | D:15     | Entered Level 15 of the Dungeon
 25036 | D:15     | Gained mutation: You regenerate health from kills. [demonic ancestry]
 25036 | D:15     | Reached XP level 15. HP: 65/130 MP: 14/24
 25062 | D:15     | Reached skill level 1 in Transmutations
 25067 | D:15     | Reached skill level 1 in Earth Magic
 25072 | D:15     | HP: 27/130 [two-headed ogre/giant spiked club (14)]
 25073 | D:15     | Reached skill level 14 in Unarmed Combat
 25084 | D:14     | HP: 32/130 [two-headed ogre/giant spiked club (4)]
 25579 | D:15     | Reached skill level 2 in Transmutations
 25712 | D:15     | Reached skill level 2 in Earth Magic
 25896 | D:15     | Reached skill level 3 in Transmutations
 25999 | D:15     | Reached skill level 3 in Earth Magic
 26299 | D:15     | Found a staircase to the Depths.
 26656 | Orc:1    | Entered Level 1 of the Orcish Mines
 26663 | Orc:1    | Noticed Erica
 26666 | Orc:1    | Noticed Maurice
 26669 | Orc:1    | Noticed Erolcha
 26677 | Orc:1    | Killed Erica
 26685 | Orc:1    | Killed Erolcha
 26698 | Orc:1    | Killed Maurice
 26698 | Orc:1    | Reached skill level 1 in Translocations
 26929 | Orc:2    | Entered Level 2 of the Orcish Mines
 26956 | Orc:2    | Noticed Azrael
 26986 | Orc:1    | Killed Azrael
 26986 | Orc:1    | Reached skill level 4 in Transmutations
 26993 | Orc:1    | Reached skill level 4 in Earth Magic
 27312 | Orc:2    | Reached skill level 8 in Shields
 27355 | Orc:2    | Reached skill level 2 in Translocations
 27408 | Orc:2    | Found Ceodoq's Assorted Antiques.
 27408 | Orc:2    | Found Coruqefa's Food Boutique.
 27410 | Orc:2    | Found Ifui's Book Shop.
 27412 | Orc:2    | Found Siemiy's Antique Armour Emporium.
 27463 | Orc:2    | Found Imucwe's Jewellery Emporium.
 27511 | Orc:2    | Found a staircase to the Elven Halls.
 27635 | Orc:2    | Bought a book of Changes for 275 gold pieces
 27640 | Orc:2    | Learned a level 4 spell: Ice Form
 28136 | Elf:1    | Entered Level 1 of the Elven Halls
 28154 | Elf:1    | Reached skill level 3 in Translocations
 28174 | Elf:1    | Reached skill level 5 in Transmutations
 28247 | Elf:1    | Reached skill level 5 in Earth Magic
 28266 | Elf:1    | Noticed a deep elf sorcerer
 28277 | Elf:1    | Killed a deep elf sorcerer
 28355 | Orc:2    | HP: 32/130 [trident of protection (11)]
 28556 | Orc:2    | Reached skill level 4 in Translocations
 28680 | Orc:2    | Mutation became permanent: You have a pair of small horns on your head. [demonic ancestry]
 28680 | Orc:2    | Gained mutation: You have a pair of horns on your head. [demonic ancestry]
 28680 | Orc:2    | Reached XP level 16. HP: 135/138 MP: 25/25
 28819 | Elf:1    | Reached skill level 9 in Shields
 28822 | Elf:1    | Reached skill level 1 in Ice Magic
 28959 | Elf:1    | Reached skill level 6 in Transmutations
 29027 | Elf:1    | Reached skill level 6 in Earth Magic
 29032 | Elf:1    | Reached skill level 2 in Ice Magic
 29862 | Elf:2    | Reached skill level 5 in Translocations
 29889 | Elf:2    | Found Soelemn's Assorted Antiques.
 29893 | Elf:2    | Noticed a sphinx
 29909 | Elf:2    | Killed a sphinx
 30268 | Depths:1 | Entered Level 1 of the Depths
 30275 | Depths:1 | Reached skill level 3 in Ice Magic
 30653 | Depths:1 | Noticed a storm dragon
 30708 | Depths:1 | Killed a storm dragon
 30708 | Depths:1 | Reached skill level 7 in Transmutations
 30988 | Snake:1  | Entered Level 1 of the Snake Pit
 30997 | Snake:1  | Reached skill level 7 in Earth Magic
 31006 | Snake:1  | Reached skill level 4 in Ice Magic
 31037 | Snake:1  | Reached skill level 6 in Translocations
 31143 | Snake:1  | Reached skill level 10 in Shields
 31296 | Snake:1  | Got a thick robe
 31520 | Snake:1  | Got a smoking scale mail
 32506 | Snake:2  | Reached XP level 17. HP: 80/144 MP: 14/26
 32971 | Snake:2  | Noticed Nikola
 32995 | Snake:2  | Killed Nikola
 32995 | Snake:2  | Reached skill level 7 in Translocations
 32999 | Snake:2  | Reached skill level 8 in Earth Magic
 33343 | Snake:2  | Found Wiydia Soxo's Antique Weapon Shoppe.
 33343 | Snake:2  | Found Irrunilo's Antique Armour Emporium.
 33358 | Snake:2  | Noticed Kirke
 33377 | Snake:2  | Killed Kirke
 33605 | Snake:2  | Found Dynoloqo's Antique Weapon Shop.
 34359 | Snake:3  | Noticed Vashnia
 34444 | Snake:3  | Killed Vashnia
 34460 | Snake:3  | Reached skill level 11 in Shields
 34478 | Snake:3  | Reached skill level 8 in Translocations
 34581 | Snake:3  | Reached skill level 9 in Earth Magic
 35149 | Snake:3  | Identified the +11 scale mail of Xovefraja {rElec rPois Int-5 Stlth+} (You found it on level 1 of the Snake Pit)
 35178 | Snake:3  | Identified the +3 robe of Experimentation {rC+} (You found it on level 1 of the Snake Pit)
 35186 | Snake:2  | Identified a scroll of acquirement
 35324 | Snake:3  | Found an ornate altar of the Wu Jian Council.
 35681 | Snake:4  | Entered Level 4 of the Snake Pit
 35694 | Snake:4  | Noticed Aizul
 35716 | Snake:4  | Killed Aizul
 36149 | Snake:4  | Reached skill level 11 in Dodging
 36506 | Snake:4  | Reached XP level 18. HP: 119/152 MP: 25/27
 36667 | Snake:4  | Reached skill level 9 in Translocations
 37541 | Snake:4  | Reached skill level 12 in Fighting
 37569 | Snake:4  | Got a serpentine rune of Zot
 38217 | Vaults:1 | Entered Level 1 of the Vaults
 38304 | Vaults:1 | Reached skill level 10 in Earth Magic
 38632 | Vaults:1 | Noticed Saint Roka
 38666 | Vaults:1 | Killed Saint Roka
 38681 | Vaults:1 | Reached skill level 12 in Shields
 38697 | Vaults:1 | Got a fine spear {pierce}
 38802 | Vaults:1 | Found Vyprogh's Book Emporium.
 40027 | Vaults:2 | Noticed Jorgrun
 40045 | Vaults:2 | Killed Jorgrun
 40061 | Vaults:2 | Gained mutation: You have a pair of large horns on your head. [demonic ancestry]
 40061 | Vaults:2 | Reached XP level 19. HP: 162/162 MP: 28/28
 40113 | Vaults:2 | Reached skill level 10 in Translocations
 40207 | Vaults:2 | Reached skill level 13 in Invocations
 40602 | Vaults:2 | Reached skill level 12 in Dodging
 40852 | Vaults:2 | Reached skill level 15 in Unarmed Combat
 40992 | Vaults:2 | Found a staircase to the Crypt.
 40992 | Vaults:2 | Found an ancient bone altar of Kikubaaqudgha.
 40993 | Vaults:2 | Found a basalt altar of Yredelemnul.
 41992 | Vaults:3 | Noticed Boris
 42009 | Vaults:3 | Killed Boris
 42009 | Vaults:3 | Reached skill level 13 in Fighting
 42009 | Vaults:3 | Reached skill level 8 in Transmutations
 42009 | Vaults:3 | Reached skill level 11 in Earth Magic
 43008 | Vaults:3 | Found Biuteamp's Magic Scroll Shop.
 43016 | Vaults:3 | Bought a scroll of teleportation for 66 gold pieces
 43025 | Vaults:3 | Reached skill level 14 in Invocations
 43025 | Vaults:3 | Reached XP level 20. HP: 115/171 MP: 22/30
 43561 | Vaults:4 | Reached skill level 13 in Shields
 43779 | Vaults:4 | Reached skill level 9 in Transmutations
 44719 | Vaults:4 | Found Reamy's Weapon Boutique.
 45638 | Shoals:1 | Entered Level 1 of the Shoals
 45903 | Shoals:1 | Reached skill level 1 in Spellcasting
 45922 | Shoals:1 | Reached skill level 13 in Dodging
 46297 | Shoals:2 | Noticed Louise
 46336 | Shoals:2 | Killed Louise
 46416 | Shoals:2 | Reached skill level 12 in Earth Magic
 46728 | Shoals:2 | Reached skill level 2 in Spellcasting
 46975 | Shoals:2 | Found a snail-covered altar of Cheibriados.
 47001 | Shoals:2 | Reached skill level 14 in Fighting
 47449 | Shoals:3 | Reached skill level 15 in Invocations
 47474 | Shoals:3 | Gained mutation: You have claws for hands. [demonic ancestry]
 47474 | Shoals:3 | Reached XP level 21. HP: 181/181 MP: 27/32
 48155 | Shoals:4 | Entered Level 4 of the Shoals
 48182 | Shoals:4 | Reached skill level 3 in Spellcasting
 48381 | Shoals:4 | Got a steaming flail {venom}
 48452 | Shoals:4 | Noticed Ilsuiw
 48484 | Shoals:4 | Killed Ilsuiw
 48594 | Shoals:4 | Reached skill level 10 in Transmutations
 48597 | Shoals:4 | Reached skill level 16 in Unarmed Combat
 48821 | Shoals:4 | Got a barnacled rune of Zot
 48840 | Shoals:4 | Noticed Polyphemus
 48852 | Shoals:4 | Killed Polyphemus
 48866 | Shoals:4 | Reached skill level 4 in Spellcasting
 50616 | Elf:2    | Found a huge runed gate.
 50616 | Elf:2    | Found a huge runed gate.
 50616 | Elf:2    | Found a huge runed gate.
 50616 | Elf:2    | Found a huge runed gate.
 50616 | Elf:2    | Found a huge runed gate.
 51191 | Elf:2    | Reached skill level 14 in Shields
 51539 | Elf:3    | Entered Level 3 of the Elven Halls
 51691 | Elf:3    | Reached skill level 5 in Spellcasting
 51877 | Elf:3    | Reached XP level 22. HP: 190/190 MP: 33/33
 52107 | Elf:3    | Reached skill level 16 in Invocations
 52248 | Elf:3    | Got a pitted glaive {chop}
 52248 | Elf:3    | Got a scintillating iron amulet
 52267 | Elf:3    | Identified the amulet of Seovuhy {Spirit rC+ Int-4 Dex+5} (You took it off a deep elf mage on level 3 of the Elven Halls)
 52370 | Elf:3    | Got a warped hand crossbow
 52549 | Elf:3    | Identified the Compendium of Dislocated Protection
 52564 | Elf:3    | Identified the Papyrus of Conjuration
 52626 | Elf:3    | Got an ancient brass ring
 52627 | Elf:3    | Identified the ring "Ithreosoi" {Dex+4 Stlth-} (You found it on level 3 of the Elven Halls)
 53221 | D:11     | Learned a level 4 spell: Summon Lightning Spire
 53225 | D:11     | Learned a level 3 spell: Regeneration
 53494 | Depths:1 | Reached skill level 13 in Earth Magic
 53510 | Depths:1 | Found Yroad's Pet Rocks.
 53635 | Depths:1 | Found Roeg's Distillery.
 53638 | Depths:1 | Found Bocin's Antique Armour Shoppe.
 53640 | Depths:1 | Found Qoanank's Distillery.
 53644 | Depths:1 | Bought a potion of might for 84 gold pieces
 53644 | Depths:1 | Bought a potion of resistance for 210 gold pieces
 53644 | Depths:1 | Bought 2 potions of cancellation for 336 gold pieces
 53644 | Depths:1 | Bought a potion of heal wounds for 105 gold pieces
 53644 | Depths:1 | Bought a potion of resistance for 210 gold pieces
 53644 | Depths:1 | Bought a potion of haste for 210 gold pieces
 53644 | Depths:1 | Bought a potion of haste for 210 gold pieces
 53682 | Depths:1 | Reached skill level 6 in Spellcasting
 53710 | Depths:1 | Reached skill level 14 in Dodging
 53752 | Depths:1 | Bought a potion of might for 76 gold pieces
 53752 | Depths:1 | Bought 2 potions of magic for 304 gold pieces
 53752 | Depths:1 | Bought a potion of curing for 57 gold pieces
 53752 | Depths:1 | Bought a potion of heal wounds for 95 gold pieces
 53932 | Depths:1 | Reached skill level 15 in Fighting
 54184 | Depths:1 | Found a gateway to Hell.
 54261 | Depths:2 | Reached skill level 11 in Transmutations
 54659 | Depths:2 | Got pitted gold dragon scales
 54754 | Depths:2 | Found a one-way gate to the infinite horrors of the Abyss.
 54774 | Depths:2 | Gained mutation: You regenerate a lot of health from kills. [demonic ancestry]
 54774 | Depths:2 | Reached XP level 23. HP: 199/199 MP: 35/35
 54804 | Depths:2 | Identified the +1 gold dragon scales "Jeijych" {rPois rF+ rC+ Regen+ MP+9 Dex-2} (You took it off a spriggan defender on level 2 of the Depths)
 55026 | Depths:2 | Reached skill level 7 in Spellcasting
 55027 | Depths:2 | Got a shimmering falchion {slice}
 55192 | Depths:2 | Got an iridescent spear {flame}
 55525 | Depths:3 | Reached skill level 17 in Invocations
 55696 | Depths:3 | Found a gateway to a ziggurat.
 56213 | Depths:3 | Found a one-way gate leading to the halls of Pandemonium.
 56311 | Depths:3 | Got a shimmering chain mail
 56717 | Depths:3 | Identified the +1 chain mail of Terror {+Fly rElec rF+ Int+3} (You found it on level 3 of the Depths)
 56955 | Depths:4 | Found a radiant altar of Vehumet.
 57026 | Depths:4 | Noticed a caustic shrike
 57027 | Depths:4 | Noticed a caustic shrike
 57027 | Depths:4 | Noticed a caustic shrike
 57028 | Depths:4 | Noticed a caustic shrike
 57030 | Depths:4 | Noticed a caustic shrike
 57038 | Depths:4 | Reached skill level 17 in Unarmed Combat
 57063 | Depths:4 | Found a hide-covered altar of Uskayaw.
 57141 | Depths:4 | Reached skill level 8 in Spellcasting
 57151 | Depths:4 | Reached skill level 15 in Shields
 57192 | Depths:4 | HP: 44/201 [quicksilver dragon simulacrum (9)]
 57226 | Depths:4 | Reached skill level 12 in Transmutations
 57408 | Depths:4 | Mutation became permanent: You are robust. (+10% HP) [demonic ancestry]
 57408 | Depths:4 | Gained mutation: You are robust. (+10% HP) [demonic ancestry]
 57408 | Depths:4 | Reached XP level 24. HP: 182/210 MP: 34/35
 57447 | Depths:4 | HP: 42/210 [iron troll (19)]
 57448 | Depths:4 | HP: 7/210 [deep troll shaman (19)]
 57457 | Depths:4 | HP: 44/210 [fire giant/bolt of fire (17)]
 57906 | Depths:3 | HP: 52/210 [acid (7)]
 57915 | Depths:3 | HP: 42/210 [caustic shrike (17)]
 57915 | Depths:3 | HP: 18/210 [acid (5)]
 57916 | Depths:3 | HP: 1/210 [acid (8)]
 57916 | Depths:3 | Demolished by a caustic shrike

Skill      XL: |  1  2  3  4  5  6  7  8  9 10 11 12 13 14 15 16 17 18 19 20 21 22 23 |
---------------+----------------------------------------------------------------------+-----
Axes           | 3 |  3.0
Dodging        | 3 4 5 6 7 8 9 10 11 12 13 14 | 14.8
Unarmed Combat | 1 2 3 4 5 7 8 10 11 12 13 14 15 16 17 | 17.2
Fighting       | 3 4 6 7 8 9 10 11 12 13 14 15 | 15.8
Invocations    | 3 6 8 9 10 12 14 15 16 17 | 17.8
Armour         | 2 4 5 6 7 8 |  8.7
Shields        | 1 3 5 6 7 8 10 11 12 13 14 15 | 15.0
Transmutations | 5 7 8 9 10 11 12 | 12.1
Earth Magic    | 5 7 9 10 11 12 13 | 13.9
Translocations | 4 6 8 9 10 | 10.0
Ice Magic      | 4 |  4.3
Spellcasting   | 2 5 6 8 |  8.4
Throwing       | |  1.7

Action                   |  1- 3 |  4- 6 |  7- 9 | 10-12 | 13-15 | 16-18 | 19-21 | 22-24 || total
-------------------------+-------+-------+-------+-------+-------+-------+-------+-------++-------
Melee: War axe           |    99 |   147 |       |       |       |       |       |       ||   246
       Kick              |    16 |    59 |    93 |   292 |   358 |   606 |   720 |   430 ||  2574
       Headbutt          |     5 |    29 |    66 |   167 |   235 |   368 |   480 |   295 ||  1645
       Punch             |       |     2 |     9 |     3 |       |       |       |       ||    14
       Unarmed           |       |    63 |   305 |   858 |  1167 |  1659 |  2129 |  1207 ||  7388
       Eveningstar       |       |       |       |    34 |       |       |       |       ||    34
 Cast: Ice Form          |       |       |       |       |       |     1 |       |       ||     1
       Blink             |       |       |       |       |       |       |     2 |     1 ||     3
       Statue Form       |       |       |       |       |       |       |     1 |       ||     1
Invok: Upheaval          |       |       |       |     8 |     5 |     8 |       |     3 ||    24
       Elemental Force   |       |       |       |     2 |       |     1 |       |       ||     3
       Disaster Area     |       |       |       |       |     3 |     6 |     3 |    10 ||    22
 Abil: End Transformatio |       |       |       |       |       |     1 |       |       ||     1
Evoke: Wand              |       |       |       |       |     6 |     4 |     1 |       ||    11
  Use: Scroll            |       |     5 |       |    14 |     7 |    13 |     8 |    15 ||    62
       Potion            |       |     4 |     2 |     4 |     4 |     5 |       |     9 ||    28
 Stab: Confused          |       |       |       |       |       |       |       |     1 ||     1
  Eat: Chunk             |     3 |    11 |     4 |    17 |    18 |     7 |    16 |     9 ||    85
       Ration            |       |     1 |     4 |     4 |     5 |    10 |     8 |     3 ||    35
Armor: Leather armour    |    21 |       |       |       |       |       |       |       ||    21
       Ring mail         |    20 |    55 |    74 |   156 |    99 |       |       |       ||   404
       Skin              |       |     7 |       |       |       |       |       |       ||     7
       Troll leather arm |       |       |       |       |    45 |    16 |       |       ||    61
       Storm dragon scal |       |       |       |       |       |    72 |       |       ||    72
       Scale mail        |       |       |       |       |       |   178 |   372 |   325 ||   875
Dodge: Dodged            |    73 |   152 |   209 |   431 |   355 |   421 |   750 |   690 ||  3081
       Deflected         |       |       |       |     3 |    27 |    59 |    44 |    31 ||   164
Block: Other             |       |    39 |    69 |   115 |       |       |       |       ||   223
       Reflection        |       |       |     1 |    20 |   104 |   189 |   249 |    57 ||   620
       Shield            |       |       |       |   638 |  1327 |  1946 |  2585 |  1712 ||  8208

Vault maps used:
D:1:      saegor_arrival_simple_a, serial_forest, infiniplex_forest_split,
          infiniplex_forest_lined_1, infiniplex_forest_end_2,
          infiniplex_forest_clump_diagonal, infiniplex_forest_corner_2,
          infiniplex_forest_lined_room_3, infiniplex_forest_lined_2,
          infiniplex_forest_lined_corner
D:2:      first_ration
D:3:      chequers_ecumenical_altar_island, st_stairs_13,
          nicolae_qazlal_eye_of_the_storm
D:4:      fedhas_altar_2, uniq_pikel
D:5:      nicolae_sextant, uniq_crazy_yiuf_cottage
D:6:      led_sif_pool, basic_altar, nicolae_elemental_shop, uniq_prince_ribbit1
D:7:      kb_forest_paths, slow_altar_1, lemuel_round_altar, temple_statues,
          roderic_batcave, uniq_joseph
D:8:      minmay_cut_squares, david_nohive_1
D:9:      nicolae_ru_sacrificial_ziggurat, st_stairs_1, minivault_7
D:10:     erik_orc_3, minmay_fire_ice_demons, uniq_urug
D:11:     erik_lair_island, nrook_uturn, minmay_misc_feat_five
D:13:     lightli_vaults_fourway_checkpoint, uniq_rupert
D:14:     minmay_tri_stars, patterned_corridor, kb_rosetta
D:15:     hangedman_depths_entry_civil_slaughter
Lair:2:   lemuel_reptile_caves, minmay_another_anthill
Lair:3:   minmay_shoals_entry_hut, basic_altar, grunt_megastairs_1,
          serial_bayou_shore_b
Lair:4:   minmay_snake_entry_six_corridors
Lair:5:   nicolae_slime_entry_slimehenge, infiniplex_staircase_pool
Lair:6:   due_jungle_book, grunt_megastairs_4
Shoals:2: wheals_shoals_ruined_temple, uniq_louise
Shoals:4: shoals_end_simple, shoal_ilsuiw, nicolae_shoals_circle_sea_wall,
          uniq_polyphemus
Snake:1:  grunt_megastairs_3
Snake:2:  serial_shops, shop_fountains, grunt_megastairs_5, minmay_shoptagon,
          serial_bayou_shore_a, uniq_nikola, uniq_kirke
Snake:3:  basic_altar, uniq_vashnia
Snake:4:  grunt_snake_rune_serpentine_throne, uniq_aizul
Orc:1:    uniq_erolcha, uniq_erica, uniq_maurice
Orc:2:    st_orc_rangers, serial_shops, shop, uniq_azrael
Elf:1:    elf_arrival_002, portal_desolation_entry_salt, evilmike_minifort,
          minivault_5, evilmike_ambush
Elf:2:    portal_ice_cave_entry_pillars_2, special_room, serial_shops,
          nicolae_shop_statue_plus, spider_trap,
          nicolae_elf_glass_and_crystal_pillar_1, minivault_24,
          einodemon_crawler_minivault, basic_stair_grate_trap
Elf:3:    elf_hall
Vaults:1: st_star, vaults_room_pool, v_misc_30, hangedman_vaults_maws,
          v_misc_26, grunt_vaults_twisty, hangedman_vaults_stitches,
          ontoclasm_vaults_hangar, nicolae_vaults_alarming, serial_shops, shop,
          uniq_saint_roka
Vaults:2: v_rooms_4, nicolae_vaults_circle_grid_b,
          minmay_crypt_entry_necro_gods, ontoclasm_vaults_idyll, v_misc_17,
          nicolae_vaults_network_quinsquares, nicolae_vaults_bisected_exclaves,
          nicolae_vaults_specimen_jars, v_misc_5, uniq_jorgrun
Vaults:3: v_pattern_5, hangedman_vaults_corner_blocks,
          nicolae_vaults_little_squares_3, nicolae_vaults_shelves_hall,
          hangedman_vaults_slice, nicolae_vaults_murderbox, v_misc_23,
          vaults_room_door_ring, vaults_dpeg_ring, serial_shops, shop,
          uniq_boris
Vaults:4: vaults_room_glass_cross, nicolae_vaults_circle_grid_b,
          vaults_dpeg_cross, ontoclasm_vaults_eye, v_rooms_5,
          vaults_mumra_minichess, ontoclasm_vaults_tryst, grunt_vaults_diagonal,
          grunt_vaults_funnel, serial_shops, shop_coins
Depths:1: minmay_strange_pillars, lightli_too_deep, guppyfry_shop_earth,
          minmay_shop_star
Depths:2: minmay_the_grid_triangle_9x9_recursive_2, minmay_room_of_horrors,
          minmay_misc_feat_ornament, hell_entry, infiniplex_staircase_river
Depths:3: onia_ninara_swampy_vault, enter_ziggurat_c, grunt_pan_entry_zigzag,
          hell_entry, minivault_1, bh_walls_and_bars
Depths:4: grunt_profane_halls, hell_entry, abyss_entry

Table legend:
 A = Turns spent in this place as a percentage of turns spent in the entire game.
 B = Non-inter-level travel turns spent in this place as a percentage of non-inter-level travel turns spent in the entire game.
 C = Inter-level travel turns spent in this place as a percentage of turns spent in this place.
 D = Turns resting spent in this place as a percentage of non-inter-level travel turns spent in this place.
 E = Turns spent auto-exploring this place as a percentage of non-inter-level travel turns spent in this place.
 F = Non-inter-level travel turns spent in this place divided by the number of levels of this place that you've seen.
                   A       B       C       D       E      F
               +-------+-------+-------+-------+-------+----------------------
         Total | 100.0 | 100.0 |   6.1 |  19.3 |  46.3 | 1295.5
       Dungeon |  38.0 |  37.7 |   6.8 |  30.6 |  41.4 | 1368.8
          Lair |  10.4 |   9.8 |  11.4 |  13.8 |  61.9 | 890.3
        Shoals |   6.5 |   6.6 |   4.3 |   7.6 |  57.0 | 902.2
     Snake Pit |  12.2 |  12.6 |   2.7 |  27.6 |  42.8 | 1719.8
  Orcish Mines |   3.6 |   3.3 |  14.3 |   5.7 |  44.9 | 890.5
   Elven Halls |   8.4 |   8.3 |   6.2 |   9.1 |  41.4 | 1513.0
        Vaults |  12.5 |  13.0 |   2.7 |   5.8 |  48.5 | 1763.2
        Depths |   8.4 |   8.6 |   3.4 |   8.4 |  48.9 | 1168.5
               +-------+-------+-------+-------+-------+----------------------

Table legend:
 A = Kills in this place as a percentage of kills in entire the game.
 B = Kills by you in this place as a percentage of kills by you in the entire game.
 C = Kills by friends in this place as a percentage of kills by friends in the entire game.
 D = Other kills in this place as a percentage of other kills in the entire game.
 E = Experience gained in this place as a percentage of experience gained in the entire game.
 F = Experience gained in this place divided by the number of levels of this place that you have seen.
                   A       B       C       D       E      F
               +-------+-------+-------+-------+-------+----------------------
         Total | 100.0 | 100.0 | 100.0 | 100.0 | 100.0 | 23681.6
       Dungeon |  23.8 |  24.4 |  33.3 |   8.6 |   8.2 | 5451.6
          Lair |   9.9 |  10.3 |   0.0 |   0.0 |   4.1 | 6739.8
        Shoals |   9.2 |   8.8 |   0.0 |  22.9 |  10.8 | 26798.8
     Snake Pit |   9.6 |   9.5 |  66.7 |   7.1 |  11.5 | 28636.8
  Orcish Mines |   4.8 |   4.3 |   0.0 |  17.1 |   1.7 | 8340.5
   Elven Halls |  10.4 |  10.3 |   0.0 |  14.3 |  14.9 | 49512.7
        Vaults |  17.6 |  17.6 |   0.0 |  20.0 |  23.4 | 58281.0
        Depths |  14.7 |  14.9 |   0.0 |  10.0 |  25.4 | 63082.0
               +-------+-------+-------+-------+-------+----------------------
